[ AOE2 MATCH · #475596503 ]
Team RMMongols vs Bulgarians
[ REPLAY ANALYSIS · EXTRACTED FROM THE RECORDED GAME ]
Feudal
—
Castle
—
Imperial
—
| APM avg | 16.9 |
| APM peak | 44 |
| eAPM avg | 12.0 |
| Villagers / military | 148 / 104 |
Focus
⚔️ 31.6% · 🌾 68.4%
Spearman ×56 · Mangudai ×31 · Battering Ram ×14 · Trebuchet (Packed) ×3
Feudal
11:13
Castle
20:52
Imperial
45:56
| APM avg | 18.8 |
| APM peak | 52 |
| eAPM avg | 12.7 |
| Villagers / military | 136 / 139 |
Focus
⚔️ 37.7% · 🌾 62.3%
Knight ×34 · Spearman ×29 · Konnik ×22 · Scout Cavalry ×22 · Militia ×19 · Battering Ram ×13
Feudal
10:45
Castle
19:09
Imperial
40:55
| APM avg | 22.2 |
| APM peak | 51 |
| eAPM avg | 10.9 |
| Villagers / military | 92 / 116 |
Focus
⚔️ 35.3% · 🌾 64.7%
Scout Cavalry ×75 · Chu Ko Nu ×22 · Archer ×11 · Iron Pagoda ×5 · Monk ×2 · Trebuchet (Packed) ×1
Feudal
9:56
Castle
14:49
Imperial
32:16
| APM avg | 27.7 |
| APM peak | 58 |
| eAPM avg | 19.8 |
| Villagers / military | 147 / 0 |
Focus
⚔️ 18.8% · 🌾 81.2%
Unknown (1968) ×129 · Unknown (1942) ×3
Match map
Initial resources + every placement click. Lines = walls · curves = elevation contours. ◆ gold · ⬟ stone · ● berries · ✦ relic · ◌ wall gap
Inputs per minute
— frizboum - - belgian blue
Build order — frizboum
First 150 of 382 actions detected
| 0:01 | Create | Villager (Male) |
| 0:07 | Build | House |
| 0:08 | Build | House |
| 0:09 | Build | House |
| 0:12 | Build | House |
| 0:25 | Research | Loom |
| 0:25 | Create | Villager (Male) |
| 0:25 | Create | Villager (Male) |
| 0:25 | Create | Villager (Male) |
| 0:26 | Create | Villager (Male) |
| 1:21 | Build | Mill |
| 1:26 | Create | Villager (Male) |
| 1:27 | Create | Villager (Male) |
| 2:03 | Create | Villager (Male) |
| 2:52 | Create | Villager (Male) |
| 2:53 | Create | Villager (Male) |
| 3:16 | Create | Villager (Male) |
| 3:16 | Create | Villager (Male) |
| 3:16 | Create | Villager (Male) |
| 3:48 | Create | Villager (Male) |
| 3:48 | Create | Villager (Male) |
| 3:49 | Create | Villager (Male) |
| 4:17 | Create | Villager (Male) |
| 4:17 | Create | Villager (Male) |
| 4:47 | Create | Villager (Male) |
| 4:47 | Create | Villager (Male) |
| 5:03 | Build | Lumber Camp |
| 5:23 | Create | Villager (Male) |
| 5:24 | Create | Villager (Male) |
| 5:56 | Create | Villager (Male) |
| 5:56 | Create | Villager (Male) |
| 6:26 | Create | Villager (Male) |
| 6:59 | Build | Mining Camp |
| 7:10 | Create | Villager (Male) |
| 7:11 | Create | Villager (Male) |
| 7:41 | Create | Villager (Male) |
| 7:46 | Create | Villager (Male) |
| 8:03 | Build | House |
| 8:05 | Build | House |
| 8:06 | Build | House |
| 8:08 | Build | House |
| 8:51 | Build | Mining Camp |
| 8:55 | Research | Feudal Age |
| 9:30 | Build | House |
| 9:33 | Build | House |
| 10:05 | Build | Mill |
| 10:14 | Create | Villager (Male) |
| 10:14 | Create | Villager (Male) |
| 10:15 | Create | Villager (Male) |
| 11:12 | Build | Barracks |
| 11:26 | Research | Double-Bit Axe |
| 11:29 | Research | Horse Collar |
| 11:35 | Research | Stone Mining |
| 12:14 | Research | Wheelbarrow |
| 12:17 | Create | Villager (Male) |
| 12:32 | Create | Villager (Male) |
| 12:46 | Build | Farm |
| 12:54 | Build | Farm |
| 13:04 | Build | Farm |
| 13:15 | Build | Farm |
| 13:20 | Create | Villager (Male) |
| 13:34 | Build | Farm |
| 14:07 | Build | Market |
| 14:17 | Build | Blacksmith |
| 14:21 | Create | Villager (Male) |
| 14:21 | Create | Villager (Male) |
| 14:24 | Build | Farm |
| 14:26 | Create | Villager (Male) |
| 15:12 | Build | Farm |
| 15:16 | Build | Farm |
| 15:18 | Build | Farm |
| 16:03 | Build | Farm |
| 16:11 | Build | Farm |
| 16:19 | Create | Villager (Male) |
| 16:28 | Build | Farm |
| 16:37 | Create | Villager (Male) |
| 16:45 | Build | Mining Camp |
| 16:50 | Create | Villager (Male) |
| 17:17 | Research | Castle Age |
| 17:20 | Create | Spearman |
| 17:21 | Create | Spearman |
| 17:22 | Create | Spearman |
| 17:37 | Create | Spearman |
| 18:02 | Research | Forging |
| 18:08 | Create | Spearman |
| 18:08 | Create | Spearman |
| 18:08 | Create | Spearman |
| 18:20 | Create | Spearman |
| 18:33 | Research | Scale Mail Armor |
| 18:50 | Create | Spearman |
| 18:50 | Create | Spearman |
| 18:54 | Build | Farm |
| 18:57 | Create | Villager (Male) |
| 19:04 | Create | Spearman |
| 19:13 | Create | Villager (Male) |
| 19:32 | Create | Spearman |
| 20:02 | Build | Town Center |
| 20:05 | Research | Bow Saw |
| 20:38 | Create | Spearman |
| 20:40 | Research | Pikeman (upgrade) |
| 20:42 | Research | Squires |
| 20:52 | Create | Villager (Male) |
| 21:00 | Create | Villager (Male) |
| 21:00 | Create | Villager (Male) |
| 21:15 | Build | Farm |
| 21:22 | Build | Farm |
| 21:24 | Create | Villager (Male) |
| 21:24 | Create | Villager (Male) |
| 21:25 | Create | Villager (Male) |
| 21:31 | Build | Farm |
| 21:33 | Create | Villager (Male) |
| 21:33 | Create | Villager (Male) |
| 21:58 | Research | Heavy Plow |
| 22:07 | Create | Villager (Male) |
| 22:27 | Build | Mill |
| 22:34 | Build | Castle |
| 22:36 | Create | Villager (Male) |
| 22:37 | Create | Villager (Male) |
| 22:40 | Create | Villager (Male) |
| 22:40 | Create | Villager (Male) |
| 22:40 | Create | Villager (Male) |
| 22:40 | Create | Villager (Male) |
| 22:57 | Create | Villager (Male) |
| 22:57 | Create | Villager (Male) |
| 22:57 | Create | Villager (Male) |
| 23:15 | Build | Siege Workshop |
| 23:21 | Create | Villager (Male) |
| 23:22 | Create | Villager (Male) |
| 23:22 | Create | Villager (Male) |
| 23:22 | Create | Villager (Male) |
| 23:32 | Build | Farm |
| 23:41 | Build | House |
| 23:42 | Build | House |
| 23:44 | Build | House |
| 23:45 | Build | House |
| 23:46 | Build | House |
| 23:48 | Build | House |
| 23:52 | Create | Villager (Male) |
| 24:00 | Build | Farm |
| 24:05 | Build | Farm |
| 24:25 | Create | Battering Ram |
| 24:26 | Create | Battering Ram |
| 24:26 | Create | Battering Ram |
| 25:08 | Create | Villager (Male) |
| 25:09 | Create | Villager (Male) |
| 25:09 | Create | Villager (Male) |
| 25:10 | Create | Villager (Male) |
| 25:11 | Create | Villager (Male) |
| 25:11 | Create | Villager (Male) |
| 25:11 | Create | Villager (Male) |
Build order — belgian blue
First 150 of 356 actions detected
| 0:01 | Create | Villager (Male) |
| 0:01 | Create | Villager (Male) |
| 0:02 | Create | Villager (Male) |
| 0:02 | Create | Villager (Male) |
| 0:05 | Build | House |
| 0:07 | Build | House |
| 1:40 | Create | Villager (Male) |
| 2:16 | Create | Villager (Male) |
| 2:25 | Create | Villager (Male) |
| 2:25 | Create | Villager (Male) |
| 2:40 | Create | Villager (Male) |
| 2:41 | Create | Villager (Male) |
| 3:00 | Create | Villager (Male) |
| 3:00 | Create | Villager (Male) |
| 3:32 | Create | Villager (Male) |
| 3:32 | Create | Villager (Male) |
| 3:37 | Build | House |
| 4:20 | Create | Villager (Male) |
| 4:20 | Create | Villager (Male) |
| 4:21 | Create | Villager (Male) |
| 4:28 | Build | House |
| 4:31 | Build | Mill |
| 5:43 | Create | Villager (Male) |
| 5:43 | Create | Villager (Male) |
| 5:44 | Create | Villager (Male) |
| 5:44 | Create | Villager (Male) |
| 5:44 | Create | Villager (Male) |
| 6:21 | Build | Lumber Camp |
| 6:34 | Create | Villager (Male) |
| 6:35 | Create | Villager (Male) |
| 6:35 | Create | Villager (Male) |
| 6:35 | Create | Villager (Male) |
| 7:03 | Create | Villager (Male) |
| 7:03 | Create | Villager (Male) |
| 7:33 | Build | Mill |
| 8:28 | Create | Villager (Male) |
| 8:55 | Research | Feudal Age |
| 8:58 | Research | Loom |
| 8:58 | Create | Villager (Male) |
| 8:58 | Create | Villager (Male) |
| 9:34 | Build | Mining Camp |
| 10:13 | Build | House |
| 10:16 | Build | House |
| 10:36 | Build | Barracks |
| 10:43 | Create | Villager (Male) |
| 10:43 | Create | Villager (Male) |
| 11:13 | Age | Feudal Age |
| 11:24 | Research | Double-Bit Axe |
| 11:31 | Research | Gold Mining |
| 11:48 | Build | Blacksmith |
| 12:07 | Research | Horse Collar |
| 12:27 | Create | Villager (Male) |
| 12:41 | Build | Farm |
| 13:03 | Create | Villager (Male) |
| 13:23 | Create | Villager (Male) |
| 13:48 | Build | Farm |
| 13:51 | Build | Farm |
| 14:01 | Create | Villager (Male) |
| 14:20 | Build | Stable |
| 14:28 | Build | Farm |
| 14:34 | Create | Villager (Male) |
| 14:37 | Create | Villager (Male) |
| 14:55 | Build | Farm |
| 14:58 | Build | Farm |
| 15:02 | Build | Farm |
| 15:03 | Build | Farm |
| 15:12 | Build | House |
| 15:14 | Build | House |
| 15:30 | Create | Villager (Male) |
| 15:44 | Create | Villager (Male) |
| 16:14 | Build | Farm |
| 16:15 | Build | Farm |
| 16:15 | Build | Farm |
| 16:26 | Create | Villager (Male) |
| 16:29 | Create | Villager (Male) |
| 17:05 | Build | Farm |
| 17:09 | Build | Farm |
| 17:16 | Build | Farm |
| 17:17 | Build | Farm |
| 17:22 | Create | Villager (Male) |
| 17:24 | Create | Villager (Male) |
| 17:33 | Build | Farm |
| 17:40 | Build | Farm |
| 17:46 | Build | Farm |
| 17:47 | Build | Farm |
| 17:58 | Research | Castle Age |
| 18:27 | Build | Farm |
| 18:28 | Build | Farm |
| 18:30 | Build | Farm |
| 18:59 | Build | Market |
| 19:16 | Build | Mining Camp |
| 19:21 | Create | Villager (Male) |
| 19:22 | Create | Villager (Male) |
| 19:22 | Create | Villager (Male) |
| 19:33 | Research | Bloodlines |
| 19:40 | Research | Forging |
| 19:42 | Research | Scale Barding Armor |
| 19:44 | Research | Scale Mail Armor |
| 19:49 | Research | Arson |
| 19:59 | Create | Militia |
| 19:59 | Create | Militia |
| 19:59 | Create | Militia |
| 20:10 | Create | Militia |
| 20:10 | Create | Militia |
| 20:19 | Create | Villager (Male) |
| 20:19 | Create | Villager (Male) |
| 20:33 | Create | Villager (Male) |
| 20:52 | Age | Castle Age |
| 21:14 | Build | Town Center |
| 21:26 | Create | Villager (Male) |
| 21:26 | Create | Villager (Male) |
| 21:27 | Create | Villager (Male) |
| 21:27 | Create | Villager (Male) |
| 21:28 | Create | Villager (Male) |
| 21:32 | Research | Gambesons |
| 21:35 | Research | Squires |
| 21:46 | Research | Heavy Plow |
| 21:52 | Research | Stone Mining |
| 22:01 | Build | House |
| 22:02 | Build | House |
| 22:06 | Build | House |
| 22:07 | Build | House |
| 22:09 | Build | House |
| 22:10 | Build | House |
| 22:11 | Build | House |
| 22:16 | Create | Villager (Male) |
| 22:16 | Create | Villager (Male) |
| 22:16 | Create | Villager (Male) |
| 22:16 | Create | Villager (Male) |
| 22:25 | Research | Wheelbarrow |
| 22:26 | Create | Villager (Male) |
| 22:26 | Create | Villager (Male) |
| 22:35 | Research | Pikeman (upgrade) |
| 22:45 | Create | Villager (Male) |
| 22:45 | Create | Villager (Male) |
| 23:03 | Create | Villager (Male) |
| 23:03 | Create | Villager (Male) |
| 23:04 | Create | Villager (Male) |
| 23:21 | Build | Siege Workshop |
| 23:51 | Research | Husbandry |
| 23:52 | Create | Knight |
| 23:53 | Create | Knight |
| 23:53 | Create | Knight |
| 24:20 | Create | Villager (Male) |
| 24:21 | Create | Villager (Male) |
| 24:21 | Create | Villager (Male) |
| 24:21 | Create | Villager (Male) |
| 24:21 | Create | Villager (Male) |
| 24:22 | Create | Villager (Male) |
| 24:22 | Create | Villager (Male) |
Build order — Theodoor
First 150 of 294 actions detected
| 0:12 | Research | Loom |
| 0:23 | Build | House |
| 0:59 | Build | House |
| 1:18 | Create | Villager (Male) |
| 1:18 | Create | Villager (Male) |
| 1:51 | Create | Villager (Male) |
| 1:51 | Create | Villager (Male) |
| 2:15 | Create | Villager (Male) |
| 2:16 | Create | Villager (Male) |
| 2:41 | Create | Villager (Male) |
| 2:42 | Create | Villager (Male) |
| 2:42 | Create | Villager (Male) |
| 3:18 | Create | Villager (Male) |
| 3:42 | Create | Villager (Male) |
| 3:42 | Create | Villager (Male) |
| 3:43 | Create | Villager (Male) |
| 4:00 | Build | Mill |
| 4:40 | Create | Villager (Male) |
| 4:40 | Create | Villager (Male) |
| 4:40 | Create | Villager (Male) |
| 6:27 | Create | Villager (Male) |
| 6:27 | Create | Villager (Male) |
| 6:27 | Create | Villager (Male) |
| 6:27 | Create | Villager (Male) |
| 6:27 | Create | Villager (Male) |
| 6:28 | Create | Villager (Male) |
| 7:30 | Build | Lumber Camp |
| 8:33 | Create | Villager (Male) |
| 8:34 | Research | Feudal Age |
| 8:36 | Create | Villager (Male) |
| 8:36 | Create | Villager (Male) |
| 8:37 | Create | Villager (Male) |
| 8:37 | Create | Villager (Male) |
| 9:01 | Build | Farm |
| 9:10 | Build | Farm |
| 9:20 | Build | Farm |
| 9:44 | Build | House |
| 10:26 | Build | Farm |
| 10:35 | Build | Farm |
| 10:45 | Create | Villager (Male) |
| 10:45 | Age | Feudal Age |
| 10:45 | Create | Villager (Male) |
| 11:02 | Build | Farm |
| 11:10 | Create | Villager (Male) |
| 11:33 | Build | Farm |
| 12:04 | Research | Double-Bit Axe |
| 12:26 | Research | Horse Collar |
| 12:41 | Create | Villager (Male) |
| 12:41 | Create | Villager (Male) |
| 12:42 | Create | Villager (Male) |
| 12:53 | Build | Blacksmith |
| 13:14 | Build | House |
| 13:31 | Build | Farm |
| 13:54 | Build | Farm |
| 14:08 | Build | Barracks |
| 14:26 | Build | Mining Camp |
| 14:50 | Create | Villager (Male) |
| 14:51 | Create | Villager (Male) |
| 14:51 | Create | Villager (Male) |
| 15:06 | Build | House |
| 15:20 | Build | Archery Range |
| 15:58 | Build | Market |
| 16:29 | Research | Castle Age |
| 16:44 | Build | Mining Camp |
| 16:54 | Create | Villager (Male) |
| 16:54 | Create | Villager (Male) |
| 18:02 | Research | Gold Mining |
| 18:05 | Research | Stone Mining |
| 18:16 | Build | Mining Camp |
| 19:09 | Age | Castle Age |
| 19:10 | Research | Bow Saw |
| 19:15 | Create | Villager (Male) |
| 19:16 | Create | Villager (Male) |
| 19:16 | Create | Villager (Male) |
| 19:43 | Build | Town Center |
| 19:55 | Build | Town Center |
| 20:04 | Build | Monastery |
| 20:18 | Build | University |
| 20:22 | Research | Thumb Ring |
| 20:23 | Research | Crossbowman (upgrade) |
| 20:46 | Build | House |
| 20:50 | Build | House |
| 20:51 | Build | House |
| 20:54 | Create | Monk |
| 21:38 | Build | Siege Workshop |
| 21:46 | Build | Archery Range |
| 21:48 | Build | Archery Range |
| 22:07 | Create | Monk |
| 22:36 | Build | House |
| 22:37 | Build | House |
| 22:39 | Build | House |
| 22:41 | Build | House |
| 22:42 | Build | House |
| 22:53 | Research | Ballistics |
| 23:00 | Create | Archer |
| 23:00 | Create | Archer |
| 23:00 | Create | Archer |
| 25:07 | Create | Iron Pagoda |
| 25:35 | Build | Castle |
| 26:05 | Create | Archer |
| 26:05 | Create | Archer |
| 26:06 | Create | Archer |
| 26:06 | Create | Archer |
| 26:06 | Create | Archer |
| 26:06 | Create | Archer |
| 26:06 | Create | Archer |
| 26:07 | Create | Archer |
| 26:14 | Create | Villager (Male) |
| 26:15 | Create | Villager (Male) |
| 26:15 | Create | Villager (Male) |
| 26:15 | Create | Villager (Male) |
| 26:16 | Create | Villager (Male) |
| 26:16 | Create | Villager (Male) |
| 26:16 | Create | Villager (Male) |
| 26:16 | Create | Villager (Male) |
| 26:17 | Create | Villager (Male) |
| 26:17 | Create | Villager (Male) |
| 26:17 | Create | Villager (Male) |
| 26:17 | Create | Villager (Male) |
| 26:17 | Create | Villager (Male) |
| 26:18 | Create | Villager (Male) |
| 26:18 | Create | Villager (Male) |
| 26:18 | Create | Villager (Male) |
| 26:18 | Create | Villager (Male) |
| 27:32 | Build | Archery Range |
| 27:46 | Build | Mill |
| 27:52 | Build | Farm |
| 27:52 | Build | Farm |
| 27:52 | Build | Farm |
| 28:01 | Build | Farm |
| 28:08 | Build | Farm |
| 28:08 | Build | Farm |
| 28:09 | Build | Farm |
| 28:16 | Create | Villager (Male) |
| 28:17 | Create | Villager (Male) |
| 28:21 | Research | Wheelbarrow |
| 28:22 | Create | Villager (Male) |
| 28:22 | Create | Villager (Male) |
| 28:22 | Create | Villager (Male) |
| 28:23 | Create | Villager (Male) |
| 28:23 | Create | Villager (Male) |
| 28:24 | Create | Villager (Male) |
| 28:24 | Create | Villager (Male) |
| 28:25 | Create | Villager (Male) |
| 28:59 | Create | Chu Ko Nu |
| 28:59 | Create | Chu Ko Nu |
| 29:00 | Create | Chu Ko Nu |
| 29:00 | Create | Chu Ko Nu |
| 29:00 | Create | Chu Ko Nu |
| 29:00 | Create | Chu Ko Nu |
Build order — Loki
First 150 of 349 actions detected
| 0:01 | Create | Villager (Male) |
| 0:01 | Create | Villager (Male) |
| 0:01 | Create | Villager (Male) |
| 0:02 | Create | Villager (Male) |
| 0:02 | Create | Villager (Male) |
| 0:03 | Build | House |
| 0:04 | Build | House |
| 1:37 | Create | Villager (Male) |
| 1:37 | Create | Villager (Male) |
| 1:44 | Build | Lumber Camp |
| 2:02 | Create | Villager (Male) |
| 2:03 | Create | Villager (Male) |
| 2:06 | Create | Villager (Male) |
| 2:06 | Create | Villager (Male) |
| 2:39 | Create | Villager (Male) |
| 2:40 | Create | Villager (Male) |
| 2:56 | Create | Villager (Male) |
| 2:56 | Create | Villager (Male) |
| 3:53 | Create | Villager (Male) |
| 3:53 | Create | Villager (Male) |
| 3:53 | Create | Villager (Male) |
| 3:59 | Build | House |
| 4:08 | Create | Villager (Male) |
| 4:08 | Create | Villager (Male) |
| 4:12 | Build | Mill |
| 4:25 | Create | Villager (Male) |
| 4:25 | Create | Villager (Male) |
| 4:50 | Create | Villager (Male) |
| 4:50 | Create | Villager (Male) |
| 4:50 | Create | Villager (Male) |
| 5:21 | Create | Villager (Male) |
| 5:21 | Create | Villager (Male) |
| 5:21 | Create | Villager (Male) |
| 5:46 | Create | Villager (Male) |
| 5:46 | Create | Villager (Male) |
| 5:54 | Create | Villager (Male) |
| 5:54 | Create | Villager (Male) |
| 6:03 | Build | House |
| 6:17 | Build | Mill |
| 6:41 | Create | Villager (Male) |
| 6:42 | Create | Villager (Male) |
| 6:42 | Create | Villager (Male) |
| 6:42 | Create | Villager (Male) |
| 7:12 | Create | Villager (Male) |
| 7:12 | Create | Villager (Male) |
| 7:12 | Create | Villager (Male) |
| 7:12 | Create | Villager (Male) |
| 7:46 | Research | Feudal Age |
| 9:03 | Build | House |
| 9:56 | Age | Feudal Age |
| 9:58 | Create | Villager (Male) |
| 9:59 | Create | Villager (Male) |
| 10:00 | Create | Villager (Male) |
| 10:01 | Create | Villager (Male) |
| 10:03 | Create | Villager (Male) |
| 10:13 | Research | Double-Bit Axe |
| 10:15 | Research | Horse Collar |
| 10:43 | Build | Market |
| 10:53 | Build | Blacksmith |
| 11:00 | Build | Market |
| 11:05 | Build | Blacksmith |
| 11:29 | Build | Lumber Camp |
| 12:09 | Research | Castle Age |
| 12:14 | Build | Farm |
| 12:16 | Build | Farm |
| 12:53 | Build | Farm |
| 12:54 | Build | Farm |
| 13:09 | Build | Mining Camp |
| 13:22 | Build | Farm |
| 13:33 | Build | Farm |
| 13:40 | Build | Farm |
| 13:49 | Build | Farm |
| 14:39 | Create | Villager (Male) |
| 14:49 | Age | Castle Age |
| 14:59 | Build | Town Center |
| 15:09 | Create | Villager (Male) |
| 15:18 | Build | House |
| 15:22 | Build | House |
| 15:23 | Build | House |
| 15:52 | Build | House |
| 16:18 | Build | Town Center |
| 16:22 | Create | Villager (Male) |
| 16:28 | Research | Heavy Plow |
| 16:38 | Build | House |
| 16:39 | Build | House |
| 16:45 | Create | Villager (Male) |
| 16:59 | Research | Bow Saw |
| 17:05 | Create | Villager (Male) |
| 17:05 | Create | Villager (Male) |
| 17:20 | Build | House |
| 17:21 | Build | House |
| 17:32 | Create | Villager (Male) |
| 17:32 | Create | Villager (Male) |
| 17:42 | Build | Farm |
| 17:46 | Build | Farm |
| 17:48 | Create | Villager (Male) |
| 17:48 | Create | Villager (Male) |
| 17:53 | Build | Farm |
| 17:55 | Create | Villager (Male) |
| 17:57 | Build | House |
| 17:58 | Build | House |
| 17:59 | Build | House |
| 18:01 | Create | Villager (Male) |
| 18:01 | Create | Villager (Male) |
| 18:16 | Build | Farm |
| 18:19 | Build | Farm |
| 18:21 | Build | Farm |
| 18:23 | Create | Villager (Male) |
| 18:23 | Create | Villager (Male) |
| 18:29 | Build | Farm |
| 18:31 | Create | Villager (Male) |
| 18:36 | Build | Farm |
| 18:39 | Create | Villager (Male) |
| 18:40 | Create | Villager (Male) |
| 18:47 | Build | House |
| 18:48 | Build | House |
| 18:50 | Create | Villager (Male) |
| 18:50 | Create | Villager (Male) |
| 19:01 | Build | Farm |
| 19:01 | Build | Farm |
| 19:01 | Build | Farm |
| 19:01 | Build | Farm |
| 19:02 | Build | Farm |
| 19:07 | Create | Villager (Male) |
| 19:09 | Create | Villager (Male) |
| 19:09 | Create | Villager (Male) |
| 19:22 | Build | House |
| 19:23 | Build | House |
| 19:24 | Build | House |
| 19:48 | Create | Villager (Male) |
| 19:49 | Create | Villager (Male) |
| 19:56 | Build | Town Center |
| 20:01 | Build | House |
| 20:09 | Build | House |
| 20:10 | Build | House |
| 20:11 | Build | House |
| 20:14 | Create | Villager (Male) |
| 20:14 | Create | Villager (Male) |
| 20:23 | Build | Farm |
| 20:28 | Create | Villager (Male) |
| 20:28 | Create | Villager (Male) |
| 20:38 | Create | Villager (Male) |
| 20:39 | Create | Villager (Male) |
| 20:48 | Build | Farm |
| 21:04 | Build | Farm |
| 21:06 | Create | Villager (Male) |
| 21:07 | Create | Villager (Male) |
| 21:08 | Create | Villager (Male) |
| 21:10 | Create | Villager (Male) |
| 21:14 | Build | Farm |
Match timeline
| 9:56 | Loki · age_up feudal |
| 10:36 | belgian blue · first_building Barracks |
| 10:45 | Theodoor · age_up feudal |
| 11:12 | frizboum · first_building Barracks |
| 11:13 | belgian blue · age_up feudal |
| 12:08 | Loki · first_market_sell 100 stone |
| 14:08 | Theodoor · first_building Barracks |
| 14:20 | belgian blue · first_building Stable |
| 14:49 | Loki · age_up castle |
| 15:20 | Theodoor · first_building Archery Range |
| 19:09 | Theodoor · age_up castle |
| 20:04 | Theodoor · first_building Monastery |
| 20:52 | belgian blue · age_up castle |
| 21:38 | Theodoor · first_building Siege Workshop |
| 22:34 | frizboum · first_building Castle |
| 23:15 | frizboum · first_building Siege Workshop |
| 23:21 | belgian blue · first_building Siege Workshop |
| 25:12 | Loki · first_building Castle |
| 25:35 | Theodoor · first_building Castle |
| 26:59 | belgian blue · first_building Krepost |
| 29:06 | frizboum · first_market_buy 100 stone |
| 30:25 | Loki · first_building Barracks |
| 32:16 | Loki · age_up imperial |
| 33:42 | frizboum · wall_segment Stone Wall x7 |
| 34:42 | frizboum · first_market_sell 100 wood |
| 39:42 | Theodoor · first_building Stable |
| 40:17 | belgian blue · first_market_sell 100 wood |
| 40:52 | Loki · first_building Siege Workshop |
| 40:55 | Theodoor · age_up imperial |
| 45:56 | belgian blue · age_up imperial |
| 48:26 | Theodoor · resign |
[ AI ANALYSIS · 1 CREDIT ]
What really happened in this match?
Wolo.gg analyzes every decision: build order, eco, micro, common mistakes by bracket. Personalized analysis on WhatsApp or Discord in 30 seconds.
Civ guide
Mongols
Map guide
Arena
Perfil
Jugador #760708